 Dungeon Crawl Stone Soup version 0.32-a0-913-g739538afd8 (webtiles) character file.

Game seed: 12935387507116096832

164096 pokedragonboy the Sorcerer (level 17, -9/80 HPs)
             Began as a Deep Elf Conjurer on Apr 8, 2024.
             Was a High Priest of Sif Muna.
             Killed from afar by Mara (39 damage)
             ... with a bolt of fire
             ... on level 3 of the Snake Pit.
             The game lasted 03:08:34 (39443 turns).

pokedragonboy the Sorcerer (Deep Elf Conjurer)     Turns: 39443, Time: 03:08:34

Health: -9/80      AC: 12    Str:  6    XL:     17   Next: 25%
Magic:  20/44      EV: 18    Int: 37    God:    Sif Muna [*****.]
Gold:   3426       SH:  0    Dex: 15    Spells: 2/59 levels left

rFire   . . .        a - +7 whip of the Shining Light {flame, Int+5 Dex+2}
rCold   + + .        Z - orb {*channel}
rNeg    . . .        r - +2 robe {rC+}
rPois   +            E - +2 helmet {Int+3}
rElec   +            c - scarf {harm}
rCorr   .            x - +2 pair of gloves {Stlth+}
SInv    +            W - +1 pair of boots {rampage}
Will    +++..        o - amulet of faith
Stlth   +++          v - ring of Eternal Night {rElec rPois Will++ Int-3 SInv}
HPRegen 0.33/turn    l - ring "Ciygyito" {rElec rC+ EV+5 Str+2}
MPRegen 0.29/turn

%: harm (+30% outgoing, +20% incoming), rampage, faith, channel magic (20%)
@: animating dead
A: no striking features
a: Renounce Religion, Channel Magic, Forget Spell, Divine Exegesis


You were on level 3 of the Snake Pit.
You worshipped Sif Muna.
Sif Muna was extremely pleased with you.
You visited 4 branches of the dungeon, and saw 25 of its levels.
You also visited: Trove, Gauntlet, Ice Cave and Volcano.

You collected 3897 gold pieces.
You spent 471 gold pieces at shops.

Inventory:

Hand Weapons
 a - the +7 whip of the Shining Light (weapon) {flame, Int+5 Dex+2}
   (You took it off a goblin on level 4 of the Dungeon)

   Int+5:     It affects your intelligence (+5).
   Dex+2:     It affects your dexterity (+2).
Missiles
 y - 4 throwing nets
Armour
 c - a scarf of harm (worn)
 r - a +2 robe of cold resistance (worn)
 x - a +2 pair of gloves of stealth (worn)
 E - a +2 helmet of intelligence (worn)
 W - a +1 pair of boots of rampaging (worn)
 Z - an orb of energy (worn)
Magical Staves
 b - a staff of earth
 z - a staff of cold
Jewellery
 l - the ring "Ciygyito" (right hand) {rElec rC+ EV+5 Str+2}
   (You acquired it on level 4 of the Dungeon)

   [ring of evasion]

   EV+5:      It affects your evasion (+5).
   Str+2:     It affects your strength (+2).
   rC+:       It protects you from cold.
   rElec:     It insulates you from electricity.
 m - a ring of poison resistance
 o - an amulet of faith (around neck)
 v - the ring of Eternal Night (left hand) {rElec rPois Will++ Int-3 SInv}
   (You acquired it on level 4 of the Dungeon)

   [ring of poison resistance]

   Int-3:     It affects your intelligence (-3).
   rElec:     It insulates you from electricity.
   rPois:     It protects you from poison.
   Will++:    It greatly increases your willpower.
   SInv:      It lets you see invisible.
 L - a +6 ring of dexterity
 U - a ring of flight
Wands
 C - a wand of quicksilver (19)
 D - a wand of polymorph (13)
 F - a wand of paralysis (58)
 J - a wand of iceblast (11)
 X - a wand of flame (12)
 Y - a wand of mindburst (21)
Scrolls
 e - 8 scrolls of fog
 k - 2 scrolls of silence
 n - 3 scrolls of butterflies
 q - 5 scrolls of poison
 s - 9 scrolls of teleportation
 A - a scroll of blinking
 H - 4 scrolls of immolation
 K - a scroll of vulnerability
 M - 2 scrolls of torment
 Q - 2 scrolls of fear
 V - 2 scrolls of noise
Potions
 d - 3 potions of mutation
 f - 5 potions of magic
 g - 3 potions of enlightenment
 h - 5 potions of might
 i - 7 potions of brilliance
 j - 10 potions of curing
 p - 5 potions of haste
 t - 2 potions of lignification
 u - 2 potions of berserk rage
 w - 2 potions of ambrosia
 B - a potion of attraction {unknown}
 G - a potion of cancellation
 I - 2 potions of heal wounds
 O - 2 potions of invisibility
Miscellaneous
 P - a condenser vane
 S - a phantom mirror
 T - a box of beasts


   Skills:
 + Level 5.2 Dodging
 - Level 2.4 Stealth
 + Level 21.5 Spellcasting
 + Level 19.4 Conjurations
 - Level 15.0 Necromancy
 - Level 10.0 Ice Magic
 - Level 10.2 Earth Magic
 - Level 5.0 Alchemy
 - Level 10.0 Invocations


You had 2 spell levels left.
You knew the following spells:

 Your Spells              Type           Power      Damage    Failure   Level
a - Magic Dart            Conj           100%       1d8       1%          1
b - Searing Ray           Conj           100%       2d8       1%          2
c - Bombard               Conj/Erth      49%        9d8       2%          6
d - Iskenderun's Mystic   Conj/Tloc      84%        2d17      (+2d91%     4
e - Iskenderun's Battles  Conj           100%       2d15      1%          5
f - Fulminant Prism       Conj/Alch      46%        3d21      1%          4
g - Borgnjor's Vile Clut  Necr/Erth      46%        N/A       1%          5
h - Permafrost Eruption   Ice/Erth       42%        2x4d10    7%          6
m - Sublimation of Blood  Necr           100%       N/A       1%          2
o - Ozocubu's Refrigerat  Ice            42%        4d16      24%         7
q - Animate Dead          Necr           100%       N/A       1%          4
r - Martyr's Knell        Necr/Summ      76%        N/A       2%          4
v - Orb of Destruction    Conj           55%        9d14      2%          7

Your spell library contained the following spells:

 Spells                   Type           Power      Damage    Failure   Level
 Foxfire                  Conj/Fire      100%       2x1d9     1%          1
 Freeze                   Ice            100%       1d10      1%          1
 Kiss of Death            Conj/Necr      100%       2d13      1%          1
 Necrotise                Necr           100%       1d9       1%          1
 Sandblast                Erth           100%       2d20      1%          1
 Shock                    Conj/Air       100%       1d9       1%          1
 Sting                    Conj/Alch      100%       1d9       1%          1
 Cigotuvi's Dreadful Rot  Necr/Alch/Air  100%       N/A       1%          2
 Momentum Strike          Conj/Tloc      100%       3d10      1%          2
 Static Discharge         Conj/Air       100%       3-8/arc   1%          2
 Apportation              Tloc           78%        N/A       4%          1
 Slow                     Hex            100%       N/A       4%          1
 Summon Small Mammal      Summ           100%       N/A       4%          1
 Lesser Beckoning         Tloc           78%        N/A       5%          2
 Scorch                   Fire           78%        2d8       5%          2
 Dazzling Flash           Conj/Hex       100%       N/A       1%          3
 Frozen Ramparts          Ice            100%       1d16      1%          3
 Hailstorm                Conj/Ice       99%        3d16      1%          3
 Mephitic Cloud           Conj/Alch/Air  79%        N/A       1%          3
 Ozocubu's Armour         Ice            85%        N/A       1%          3
 Passwall                 Erth           86%        N/A       1%          3
 Stone Arrow              Conj/Erth      100%       3d13      1%          3
 Vampiric Draining        Necr           100%       2d13      1%          3
 Brom's Barrelling Bould  Conj/Erth      99%        2d11      1%          4
 Dispel Undead            Necr           100%       3d31      1%          4
 Flame Wave               Conj/Fire      84%        2d18      1%          4
 Curse of Agony           Necr           100%       N/A       1%          5
 Irradiate                Conj/Alch      46%        3d27      1%          5
 Summon Ice Beast         Ice/Summ       67%        N/A       2%          3
 Anguish                  Hex/Necr       38%        N/A       2%          4
 Leda's Liquefaction      Alch/Erth      38%        N/A       2%          4
 Petrify                  Alch/Erth      77%        N/A       2%          4
 Freezing Cloud           Conj/Ice/Air   42%        6-21      2%          5
 Lee's Rapid Deconstruct  Erth           43%        3d21*     2%          5
 Death Channel            Necr           50%        N/A       2%          6
 Arcjolt                  Conj/Air       42%        1d52      3%          5
 Fireball                 Conj/Fire      42%        3d17      3%          5
 Animate Armour           Summ/Erth      100%       N/A       4%          4
 Confusing Touch          Hex            39%        N/A       8%          3
 Inner Flame              Hex/Fire       39%        N/A       8%          3
 Maxwell's Portable Pile  Tloc           39%        2d(9-25)  8%          3
 Swiftness                Air            39%        N/A       8%          3
 Teleport Other           Tloc           39%        N/A       8%          3
 Volatile Blastmotes      Fire/Tloc      78%        2d16      8%          3
 Conjure Ball Lightning   Conj/Air       42%        3x3d15    8%          6
 Starburst                Conj/Fire      42%        6d12      8%          6
 Ignite Poison            Fire/Alch      55%        N/A       9%          4
 Alistair's Intoxication  Alch           44%        N/A       9%          5
 Metabolic Englaciation   Hex/Ice        33%        N/A       9%          5
 Sculpt Simulacrum        Ice/Alch       38%        N/A       14%         6
 Airstrike                Air            19%        2d(3-19)  19%         4
 Dimensional Bullseye     Hex/Tloc       19%        N/A       19%         4
 Vhi's Electric Charge    Tloc/Air       78%        N/A       19%         4
 Borgnjor's Revivificati  Necr           50%        N/A       24%         8
 Infestation              Necr           50%        N/A       24%         8
 Lehudib's Crystal Spear  Conj/Erth      49%        10d12     24%         8
 Spellforged Servitor     Conj/Summ      42%        N/A       26%         7
 Eringya's Noxious Bog    Alch           33%        4d6       30%         6
 Haunt                    Necr/Summ      38%        N/A       47%         7
 Dispersal                Tloc           19%        N/A       87%         6
 Gell's Gavotte           Tloc           19%        2d(20-29) 87%         6
 Manifold Assault         Tloc           19%        N/A       100%        7
 Ignition                 Fire           19%        3d7       100%        8
 Maxwell's Capacitive Co  Air            19%        ∞         100%        8
 Chain Lightning          Conj/Air       42%        3d56      100%        9
 Fire Storm               Conj/Fire      42%        8d11      100%        9
 Polar Vortex             Ice            42%        12d5*     100%        9
 Shatter                  Erth           43%        3d33*     100%        9


Dungeon Overview and Level Annotations

Branches:
Dungeon (15/15)            Temple (0/1) D:4            Lair (5/5) D:9
  Swamp (0/4) Lair:3        Snake (3/4) Lair:2        Slime (0/5) Lair:4
    Orc (2/2) D:9             Elf (0/3) Orc:2        Vaults (0/5) D:14
 Depths (0/4) D:15          IceCv (visited)         Volcano (visited)
Gauntlet (visited)

Altars:
Ashenzari
Dithmenos
Elyvilon
Gozag
Hepliaklqana
Kikubaaqudgha
Makhleb
Sif Muna
Trog
Uskayaw
Vehumet
Xom
Yredelemnul
Zin
Jiyva

Shops:
D:3 !=![(   D:6 =   Orc:2 [=*[   Snake:2 *

Annotations:
Lair:1 2 transporters, exclusion: oklob plant, GamesABlazin's ghost, journeyman GrEE
Snake:3 Mara
Orc:2 2 transporters, asd2613's ghost, journeyman CoWr


Message History

The arrow misses you.
The naga sharpshooter unwields a +0 mace.
The naga sharpshooter wields a +0 arbalest.
The naga sharpshooter shoots a bolt.
The bolt hits your naga sharpshooter zombie!
Your naga sharpshooter zombie hits Mara but does no damage.
Your naga sharpshooter zombie grabs Mara.
Your naga sharpshooter zombie constricts Mara.
A black mamba comes into view.
Mara hits your naga sharpshooter zombie with a +4 vampiric demon whip!!
Your naga sharpshooter zombie is destroyed!
Casting: Permafrost Eruption (dangerous; 7% risk of failure)
Confirm with . or Enter, or press ? or * to list all spells.
Bitter cold erupts, blasting rock from the ceiling!
The mass of rock hits the naga!!
You kill the naga!
Sif Muna accepts your kill.
Piercing cold boils outward!
The piercing cold hits the naga sharpshooter!!
The naga sharpshooter is heavily wounded.
The piercing cold hits the black mamba!
The black mamba is heavily wounded.
The piercing cold hits the shock serpent!!
The shock serpent is heavily wounded.
The piercing cold hits the naga sharpshooter!!
The naga sharpshooter is moderately wounded.
The piercing cold hits the naga!!
You kill the naga!
Sif Muna accepts your kill.
The dead are walking!
You hear a shout!
The naga sharpshooter gestures wildly while chanting.
The naga sharpshooter magically shoots an arrow.
The arrow completely misses you.
The naga sharpshooter shoots a bolt.
The bolt barely misses you. Mara gestures at you.
The bolt of fire hits your naga zombie!!!
Your naga zombie is destroyed!
The bolt of fire hits you!!
You die...

.................'.###
NN....⌠..<..⌠.....⌠#....
.S)Z.................###
#S.R###...###...#####
#...# #######|..# #.).#
##...## #...#####...##
#..Z.⌠....## ##.@.W...##
###.<.### #####


You could see Mara (ally target), 2 naga sharpshooters, a shock serpent, a black
mamba, a friendly martyred shade (summoned), a friendly naga zombie (sheltered)
and a friendly naga mage zombie (sheltered).

Vanquished Creatures
  2 tengu reavers (D:13)
  Kirke (Lair:4)
  A nagaraja (Snake:2)
  An ironbound preserver (D:14)
  A quicksilver ooze (Gauntlet)
  A dire elephant (D:15)
  A white draconian (IceCv)
  A minotaur (Gauntlet)
  A fire dragon (Volcano)
  2 ettins (D:13)
  Josephine (Orc:1)
  Harold (D:11)
  5 hydras
  A ghost crab (Lair:3)
  A catoblepas (Lair:3)
  An anaconda (Snake:1)
  5 boulder beetles
  An ogre mage (D:15)
  11 two-headed ogres
  10 centaur warriors
  A tengu warrior (D:13)
  2 shock serpents
  A naga sharpshooter (Snake:3)
  Urug (Lair:3)
  3 orc high priests (Orc:2)
  A skyshark (Lair:2)
  Nergalle (D:11)
  3 naga warriors (Snake:2)
  Sonja (D:10)
  A sixfirhy (Gauntlet)
  2 skeletal warriors
  A fire crab (Gauntlet)
  A salamander mystic (Snake:2)
  A naga ritualist (Snake:1)
  8 orc knights
  A necromancer (Lair:4)
  A lindwurm (Volcano)
  4 deep elf pyromancers
  A wolf spider (D:15)
  19 ugly things
  2 orc sorcerers (Orc:1)
  14 elephants
  8 cyclopes
  5 manticores
  6 salamanders
  10 naga magi
  12 black mambas
  2 ice statues (IceCv)
  A black mamba (shapeshifter) (D:15)
  2 molten gargoyles (Volcano)
  5 gargoyles
  3 kobold blastminers (Orc:1)
  An unseen horror (D:12)
  20 cane toads
  A yaktaur (D:15)
  A freezing wraith (D:11)
  6 komodo dragons
  A minotaur zombie (Gauntlet)
  2 efreet (D:13)
  3 tengu conjurers
  2 kobold demonologists
  6 rime drakes
  9 trolls
  2 tyrant leeches (Lair:5)
  A polar bear (Lair:4)
  A hydra zombie (Lair:3)
  38 blink frogs
  A spectral dream sheep (Lair:3)
  A snapping turtle (shapeshifter) (D:15)
  7 slime creatures
  Sigmund (D:4)
  5 dream sheep (Lair:5)
  A shadow (D:10)
  A spectral black mamba (Lair:3)
  2 vampires
  A spriggan (shapeshifter) (D:13)
  A wyvern (D:8)
  2 water elementals (D:13)
  8 wraiths
  14 fire bats
  43 yaks
  5 hogs (Lair:4)
  3 steam dragons
  3 basilisks
  A warg (Orc:1)
  A redback (shapeshifter) (D:13)
  14 vampire mosquitoes
  A fire bat zombie (Volcano)
  2 acid dragons
  17 nagas
  2 hell hounds
  12 water moccasins
  35 orc warriors
  A sky beast (D:8)
  3 ice beasts
  3 black bears
  4 laughing skulls
  A black bear (shapeshifter) (D:13)
  6 blink frog zombies
  4 elephant zombies (Lair:2)
  6 wolves
  10 ogres
  11 centaurs
  3 phantoms
  A spectral basilisk (Lair:3)
  6 kobold brigands
  Blork the orc (D:6)
  12 bullfrogs
  6 scorpions
  5 wights (D:8)
  4 yak zombies (Lair:3)
  9 killer bees
  3 lindwurm simulacra (IceCv)
  5 howler monkeys
  10 electric eels
  A bombardier beetle (D:5)
  A centaur zombie (D:13)
  6 komodo dragon simulacra (IceCv)
  4 lava snakes
  2 bullfrog zombies
  A black bear zombie (Lair:2)
  6 hounds
  34 orc priests
  3 jellies
  9 iguanas
  2 scrub nettles (Lair:2)
  Jessica (D:2)
  3 gnoll boudas
  17 orc wizards
  3 sleepcaps (D:6)
  9 hell rats (Lair:3)
  3 yak simulacra (Lair:4)
  3 polar bear simulacra (Lair:4)
  2 wolf simulacra (Lair:4)
  An ogre zombie (Orc:2)
  2 hell rat zombies (Lair:3)
  15 gnolls
  12 adders
  5 acid dragon simulacra (IceCv)
  2 white imps
  4 ufetubi
  5 steam dragon simulacra (IceCv)
  4 dart slugs
  81 orcs
  6 ball pythons
  6 bats
  8 endoplasms
  2 giant cockroaches (D:3)
  9 hobgoblins
  7 jackals
  4 quokkas
  4 frilled lizards
  11 goblins
  22 kobolds
  8 orc zombies (Orc:2)
  5 rats
  3 river rat simulacra (Lair:4)
901 creatures vanquished.

Vanquished Creatures (collateral kills)
  Snorg (Lair:3)
  A hydra (D:14)
  2 centaur warriors
  An anaconda (Snake:1)
  2 two-headed ogres
  A boulder beetle (Lair:2)
  An orc high priest (Orc:2)
  2 skysharks (Lair:5)
  A fire crab (D:13)
  2 goliath frogs (Lair:5)
  An orc knight (Orc:2)
  An obsidian bat (Orc:1)
  5 ugly things
  2 manticores (D:13)
  3 cyclopes (D:13)
  5 elephants
  A gargoyle (D:11)
  6 black mambas
  8 cane toads
  A kobold demonologist (D:12)
  5 komodo dragons
  A rime drake (Lair:5)
  An efreet (D:13)
  2 dream sheep (Lair:5)
  11 blink frogs
  3 slime creatures
  2 wraiths
  12 yaks
  2 fire bats
  A warg (Orc:2)
  2 basilisks (D:13)
  4 nagas
  3 water moccasins
  4 orc warriors (Orc:2)
  A black bear (Lair:2)
  2 ogres
  A wolf (Lair:4)
  6 bullfrogs
  An electric eel (D:13)
  A komodo dragon simulacrum (IceCv)
  2 hell rats (Lair:3)
  A steam dragon simulacrum (IceCv)
  6 orcs (Orc:2)
121 creatures vanquished.

Vanquished Creatures (others)
  A boulder beetle (D:13)
  An orc high priest (Orc:2)
  A fire crab (shapeshifter) (D:14)
  7 ugly thing zombies
  2 ugly things (D:14)
  An ettin zombie (D:13)
  2 black mamba zombies
  A salamander zombie (Snake:2)
  2 two-headed ogre zombies
  A human zombie (Orc:1)
  4 fire bat zombies (Volcano)
  6 cane toad zombies
  9 blink frog zombies
  An elf zombie (D:13)
  4 elephant zombies
  3 manticore zombies
  2 rime drake zombies (IceCv)
  A warg zombie (Orc:2)
  4 cyclops zombies (D:13)
  3 water moccasin zombies
  3 troll zombies (D:13)
  A spriggan zombie (D:13)
  11 yak zombies
  3 basilisk zombies
  8 centaur zombies (D:13)
  A bullfrog zombie (Lair:5)
  An orc priest (Orc:2)
  2 ogre zombies (Orc:1)
  7 naga zombies
  A hell rat zombie (Lair:3)
  3 orcs
  44 orc zombies
  72 fulminant prisms
213 creatures vanquished.

Grand Total: 1235 creatures vanquished

Notes
Turn   | Place    | Note
-------+----------+-------------------------------------------
     0 | D:1      | pokedragonboy the Deep Elf Conjurer began the quest for the
                  | Orb.
     0 | D:1      | Reached XP level 1. HP: 10/10 MP: 6/6
   242 | D:1      | Reached XP level 2. HP: 15/15 MP: 0/8
   637 | D:1      | Found a faded altar of an unknown god.
   678 | D:2      | Noticed Jessica
   682 | D:2      | Killed Jessica
   683 | D:2      | Reached skill level 4 in Spellcasting
   683 | D:2      | Reached skill level 5 in Conjurations
   683 | D:2      | Reached XP level 3. HP: 19/19 MP: 4/10
   690 | D:2      | Learned a level 2 spell: Searing Ray
   944 | D:2      | Reached XP level 4. HP: 24/24 MP: 10/12
  1418 | D:2      | You fall into a shaft and drop 1 floor!
  1527 | D:3      | Found a white marble altar of Elyvilon.
  1535 | D:3      | Reached skill level 5 in Spellcasting
  1614 | D:3      | Found Veaxt's Distillery.
  1995 | D:2      | Learned a level 4 spell: Fulminant Prism
  2172 | D:3      | Found a basalt altar of Yredelemnul.
  2187 | D:3      | Found Adir's Jewellery Boutique.
  2208 | D:3      | Reached XP level 5. HP: 28/28 MP: 11/14
  2270 | D:3      | Found Muonoitt's Distillery.
  2334 | D:3      | Found a bloodstained altar of Trog.
  2346 | D:3      | Found a shimmering blue altar of Sif Muna.
  2357 | D:3      | Became a worshipper of Sif Muna the Loreminder
  2433 | D:3      | Found Isiuwky's Weapon Boutique.
  2475 | D:3      | Found Ceskot's Antique Armour Emporium.
  2682 | D:4      | Noticed Sigmund
  2812 | D:4      | Found a staircase to the Ecumenical Temple.
  2832 | D:4      | Identified the +7 whip of the Shining Light {flame, Int+5
                  | Dex+2}
  2929 | D:4      | Reached skill level 1 in Alchemy
  2929 | D:4      | Reached skill level 1 in Invocations
  3055 | D:4      | Reached XP level 6. HP: 32/32 MP: 6/16
  3474 | D:4      | Identified 2 scrolls of acquirement
  3474 | D:4      | Acquired the ring of Eternal Night {rElec rPois Will++
                  | Int-3 SInv}
  3679 | D:3      | Bought a pair of glowing boots for 157 gold pieces
  3824 | D:4      | Killed Sigmund
  3825 | D:4      | Reached skill level 6 in Spellcasting
  3867 | D:4      | Acquired the ring "Ciygyito" {rElec rC+ EV+5 Str+2}
  3980 | D:5      | Entered Level 5 of the Dungeon
  3981 | D:5      | Found a burning altar of Makhleb.
  3981 | D:5      | Noticed a green death
  3987 | D:5      | Found a glowing silver altar of Zin.
  3987 | D:5      | Noticed an angel
  3996 | D:5      | Reached XP level 7. HP: 36/36 MP: 13/18
  4368 | D:5      | Reached * piety under Sif Muna
  4502 | D:5      | Learned a level 4 spell: Iskenderun's Mystic Blast
  4520 | D:5      | Noticed a kobold demonologist
  4526 | D:5      | Noticed an ice devil
  4529 | D:5      | Killed a kobold demonologist
  4530 | D:5      | Reached skill level 7 in Spellcasting
  4530 | D:5      | Reached XP level 8. HP: 40/41 MP: 8/20
  5134 | D:5      | Reached skill level 8 in Spellcasting
  5228 | D:3      | Bought a pair of runed gloves for 157 gold pieces
  5462 | D:5      | Found a hide-covered altar of Uskayaw.
  5996 | D:6      | Reached skill level 5 in Invocations
  6057 | D:6      | Reached XP level 9. HP: 32/45 MP: 14/23
  6058 | D:6      | Reached skill level 9 in Spellcasting
  6058 | D:6      | Reached skill level 10 in Conjurations
  6064 | D:6      | Reached ** piety under Sif Muna
  6731 | D:6      | Noticed Blork the orc
  6734 | D:6      | Killed Blork the orc
  6762 | D:6      | Reached skill level 10 in Spellcasting
  7008 | D:6      | Found Deib's Jewellery Emporium.
  7093 | D:6      | Jesus christ THREE acquirement scrolls by D:6. Blessed run
  7314 | D:6      | Acquired the Spellbook of Flashy Ozone
  7322 | D:6      | Learned a level 5 spell: Iskenderun's Battlesphere
  8367 | D:7      | Reached XP level 10. HP: 50/50 MP: 13/26
  8571 | D:7      | Reached *** piety under Sif Muna
  9030 | D:8      | Found a shimmering altar of Xom.
  9359 | D:8      | Reached skill level 11 in Spellcasting
  9773 | D:8      | Reached **** piety under Sif Muna
  9774 | D:8      | Reached skill level 5 in Alchemy
 10288 | D:9      | Noticed a cane toad
 10292 | D:9      | Killed a cane toad
 10421 | D:9      | Reached skill level 12 in Spellcasting
 10498 | D:9      | Found a staircase to the Lair.
 10608 | D:9      | Found a staircase to the Orcish Mines.
 10628 | D:9      | Found a hazy altar of Hepliaklqana.
 10639 | D:9      | Found a broken altar of Ashenzari.
 10763 | D:9      | Reached ***** piety under Sif Muna
 10835 | D:9      | Noticed a two-headed ogre
 10842 | D:9      | Killed a two-headed ogre
 10843 | D:9      | Reached skill level 1 in Necromancy
 10843 | D:9      | Reached XP level 11. HP: 54/54 MP: 12/29
 10922 | D:9      | Found a radiant altar of Vehumet.
 11384 | D:9      | Found an opulent altar of Gozag.
 11393 | D:9      | Found a shadowy altar of Dithmenos.
 11454 | D:10     | Entered Level 10 of the Dungeon
 11454 | D:10     | Noticed a two-headed ogre
 11689 | D:10     | Noticed Sonja
 12024 | D:10     | Killed a two-headed ogre
 12529 | Lair:1   | Entered Level 1 of the Lair of Beasts
 12535 | Lair:1   | Learned a level 4 spell: Animate Dead
 12630 | Lair:1   | Found a transporter.
 12637 | Lair:1   | Noticed a four-headed hydra
 12748 | Lair:1   | Reached skill level 13 in Spellcasting
 12770 | Lair:1   | Noticed GamesABlazin's ghost (journeyman GrEE)
 12836 | Lair:1   | Found a gate leading to a gauntlet.
 12859 | Lair:1   | Reached skill level 10 in Invocations
 12864 | Lair:1   | Reached skill level 5 in Necromancy
 12876 | Gauntlet | Entered a Gauntlet
 12876 | Gauntlet | Found a transporter.
 12876 | Gauntlet | Found a transporter.
 12893 | Gauntlet | Noticed a sixfirhy
 12995 | Gauntlet | Found a transporter.
 12997 | Gauntlet | Found a transporter.
 12997 | Gauntlet | Found a large runed translucent door.
 12998 | Gauntlet | Found a large runed translucent door.
 12999 | Gauntlet | Found a large runed translucent door.
 12999 | Gauntlet | Found a large runed translucent door.
 12999 | Gauntlet | Found a runed translucent door.
 12999 | Gauntlet | Found a runed translucent door.
 13000 | Gauntlet | Found a large runed translucent door.
 13000 | Gauntlet | Found a large runed translucent door.
 13000 | Gauntlet | Found a large runed translucent door.
 13000 | Gauntlet | Found a large runed translucent door.
 13001 | Gauntlet | Found a large runed translucent door.
 13001 | Gauntlet | Found a large runed translucent door.
 13002 | Gauntlet | Found a large runed translucent door.
 13002 | Gauntlet | Found a large runed translucent door.
 13003 | Gauntlet | Found a runed translucent gate.
 13003 | Gauntlet | Found a runed translucent gate.
 13003 | Gauntlet | Found a runed translucent gate.
 13005 | Gauntlet | Found a transporter.
 13013 | Gauntlet | Noticed a quicksilver ooze
 13015 | Gauntlet | Found a transporter.
 13015 | Gauntlet | Found a transporter.
 13031 | Gauntlet | Noticed a glowing orange brain
 13036 | Gauntlet | Noticed a red ugly thing
 13039 | Gauntlet | Found a transporter.
 13046 | Gauntlet | Found a transporter.
 13055 | Gauntlet | Found a large runed translucent door.
 13056 | Gauntlet | Found a large runed translucent door.
 13058 | Gauntlet | Found a transporter.
 13078 | Gauntlet | Found a transporter.
 13087 | Gauntlet | Found a large runed translucent door.
 13088 | Gauntlet | Found a transporter.
 13088 | Gauntlet | Found a large runed translucent door.
 13133 | Gauntlet | Found a transporter.
 13136 | Gauntlet | Noticed a fire crab
 13157 | Gauntlet | Found a transporter.
 13249 | Gauntlet | Found a transporter.
 13263 | Gauntlet | Found a transporter.
 14426 | Gauntlet | Received a gift from Sif Muna
 14428 | Gauntlet | Killed a sixfirhy
 14429 | Gauntlet | Reached skill level 14 in Spellcasting
 14449 | Gauntlet | Got Sif Muna's Catalogue of the Luminous Fault {god gift}
 14505 | Gauntlet | Identified the +5 trident of the Gloaming {heavy, Int+3}
 14680 | Gauntlet | Killed a fire crab
 14681 | Gauntlet | Reached skill level 1 in Ice Magic
 14681 | Gauntlet | Reached skill level 1 in Earth Magic
 14768 | Gauntlet | Reached XP level 12. HP: 59/59 MP: 13/32
 15065 | Gauntlet | Killed a quicksilver ooze
 15133 | Gauntlet | Identified the +0 helmet "Popn" {rC+}
 15194 | Gauntlet | Noticed a minotaur
 15197 | Gauntlet | Killed a minotaur
 15203 | Gauntlet | Identified the +2 spear of Zeam {vamp, rC+}
 15203 | Gauntlet | Identified the +1 robe "Binoith" {Slay+6}
 15502 | Lair:1   | Noticed a death yak
 15509 | Lair:1   | Found a transporter.
 15899 | Lair:1   | Identified the ring of Zusaytoi {Int+6 Dex+2 Slay+2 SInv}
 16146 | Lair:2   | Noticed a boulder beetle
 16472 | Lair:2   | Reached skill level 15 in Spellcasting
 16477 | Lair:2   | Reached skill level 5 in Earth Magic
 16570 | Lair:2   | Killed a boulder beetle
 16688 | Lair:2   | Found a staircase to the Snake Pit.
 16698 | Lair:2   | Learned a level 6 spell: Bombard
 16897 | Lair:2   | Reached skill level 16 in Spellcasting
 16897 | Lair:2   | Reached skill level 15 in Conjurations
 17313 | Lair:3   | Reached XP level 13. HP: 48/63 MP: 13/35
 17683 | Lair:3   | Noticed Snorg
 17689 | Lair:3   | Killed Snorg
 17696 | Lair:3   | Received a gift from Sif Muna
 17698 | Lair:3   | Noticed Urug
 17703 | Lair:3   | Killed Urug
 17776 | Lair:3   | Got Koquxtoh's Tome of Virulent Subspace {god gift}
 18905 | Lair:3   | Found a staircase to the Swamp.
 19086 | Lair:3   | Reached skill level 17 in Spellcasting
 19149 | Lair:3   | Learned a level 5 spell: Borgnjor's Vile Clutch
 20512 | Lair:4   | Found a viscous altar of Jiyva.
 20512 | Lair:4   | Found a staircase to the Slime Pits.
 20565 | Lair:4   | Identified the +4 scimitar of the Candle {venom, rN+}
 20572 | Lair:4   | Noticed Kirke
 20577 | Lair:4   | Received a gift from Sif Muna
 20581 | Lair:4   | Killed Kirke
 20749 | Lair:5   | Entered Level 5 of the Lair of Beasts
 21022 | Lair:5   | Reached XP level 14. HP: 68/68 MP: 23/37
 21137 | Lair:5   | Reached skill level 18 in Spellcasting
 21897 | Lair:5   | Reached skill level 10 in Earth Magic
 22094 | Lair:5   | Reached ****** piety under Sif Muna
 22132 | Lair:5   | Received a gift from Sif Muna
 22133 | Lair:5   | Got Ujeha's Folio of Malevolent Arts {god gift}
 22137 | Lair:5   | Learned a level 2 spell: Sublimation of Blood
 22360 | Lair:5   | Identified the +2 morningstar of Purpose {freeze, Str+3
                  | Dex+4}
 22580 | Lair:5   | Learned a level 4 spell: Martyr's Knell
 23364 | Lair:5   | Learned a level 6 spell: Permafrost Eruption
 23781 | D:11     | Noticed Nergalle
 23786 | D:11     | Killed Nergalle
 23787 | D:11     | Reached skill level 19 in Spellcasting
 23851 | D:11     | Found an ancient bone altar of Kikubaaqudgha.
 24212 | D:11     | Noticed Harold
 24223 | D:11     | Killed Harold
 24662 | D:11     | Got the Encyclopedia of Dead Ouranomancy
 24873 | D:11     | Reached skill level 5 in Ice Magic
 25360 | D:12     | Reached XP level 15. HP: 72/72 MP: 21/40
 25611 | D:12     | Received a gift from Sif Muna
 25612 | D:12     | Got Sif Muna's Compendium of Bombardment {god gift}
 25621 | D:12     | Learned a level 7 spell: Orb of Destruction
 25766 | D:12     | Identified the ring of Plog {rPois Will+ Str+3 Stlth+}
 25950 | D:10     | Killed Sonja
 26355 | D:12     | Found a portal to a secret trove of treasure.
 26359 | D:12     | You paid a toll of 4 potions of resistance to enter a
                  | treasure trove
 26360 | Trove    | Entered a treasure trove
 26378 | Trove    | Got the Codex of Airy Combustion
 26394 | Trove    | Got Lenoyrghaud's Vellum of the Overhead Snowflakes
 26406 | Trove    | Got the Tome of the Gargoyle and Darkness
 26411 | Trove    | Got Sif Muna's Excursus on Momentum
 26423 | Trove    | Got the Spellbook of Topology
 26426 | Trove    | Got Sif Muna's Codex of the Magi
 26435 | Trove    | Got Sif Muna's Excursus on Grim Locality
 27614 | D:13     | Reached skill level 10 in Necromancy
 29337 | D:13     | Received a gift from Sif Muna
 29867 | D:13     | Got Sif Muna's Thoughts on the Gargoyle and the Icicle {god
                  | gift}
 29884 | D:13     | Noticed a tengu reaver
 29969 | D:13     | Killed a tengu reaver
 30084 | D:13     | Noticed a tengu reaver
 30255 | D:13     | Killed a tengu reaver
 30256 | D:13     | Reached skill level 20 in Spellcasting
 30892 | D:14     | Reached XP level 16. HP: 76/76 MP: 1/42
 31019 | D:14     | Found a gate to the Vaults.
 31239 | D:14     | Identified the +1 hat of Maltheism {rC+ SInv}
 31245 | D:14     | Learned a level 4 spell: Anguish
 31620 | D:14     | Found a bloodstained altar of Trog.
 31680 | D:14     | Received a gift from Sif Muna
 32037 | D:15     | Entered Level 15 of the Dungeon
 33208 | D:15     | Found a staircase to the Depths.
 33756 | Orc:1    | Entered Level 1 of the Orcish Mines
 33756 | Orc:1    | Noticed Josephine
 33760 | Orc:1    | Killed Josephine
 33791 | Orc:1    | Your ally Josephine died
 33792 | Orc:1    | Received a gift from Sif Muna
 33884 | Orc:1    | Found a frozen archway.
 33916 | IceCv    | Entered an ice cave
 34308 | Orc:1    | Found a dark tunnel.
 34322 | Volcano  | Entered a volcano
 34562 | Volcano  | Found a radiant altar of Vehumet.
 34972 | Orc:2    | Entered Level 2 of the Orcish Mines
 35154 | Orc:2    | Found a staircase to the Elven Halls.
 35196 | Orc:2    | Received a gift from Sif Muna
 35223 | Orc:2    | Got Sif Muna's Handbook of Ruinous Finality {god gift}
 35292 | Orc:2    | Reached skill level 21 in Spellcasting
 35777 | Orc:2    | Found Muwkiol's Antique Armour Boutique.
 35777 | Orc:2    | Found Hotaumud's Assorted Antiques.
 35778 | Orc:2    | Found Muorot's Jewellery Shop.
 35778 | Orc:2    | Found Hezigy's Armour Boutique.
 35789 | Orc:2    | Bought a scroll of blinking for 157 gold pieces
 36077 | Orc:2    | Found a transporter.
 36187 | Orc:2    | Found a transporter.
 36191 | Orc:2    | Noticed asd2613's ghost (journeyman CoWr)
 36638 | Orc:1    | Received a gift from Sif Muna
 36723 | Orc:1    | Got Sif Muna's Handbook of the Mesa and the Fifth Circle
                  | {god gift}
 36747 | Orc:1    | Reached skill level 15 in Necromancy
 37185 | Snake:1  | Entered Level 1 of the Snake Pit
 37197 | Lair:2   | Learned a level 7 spell: Ozocubu's Refrigeration
 37456 | Snake:1  | Reached XP level 17. HP: 80/80 MP: 16/44
 38521 | Snake:1  | Reached skill level 10 in Ice Magic
 39266 | Snake:2  | Found Qusur's General Store.
 39303 | Snake:2  | Reached skill level 5 in Dodging
 39433 | Snake:3  | Noticed Mara
 39443 | Snake:3  | Killed from afar by Mara

Illustrated notes

#.# #.# #.# #.# #.# #.#
#.# #.# #.# #.#
#.############.#
######.#.......>....#
######........############
................@..†....
######...........#######
#...(............
######........########
#.............#
#.##.##.......#
#.##.##.......#
.(..∩.........#
..##.##...###.#


Turn 7093 on D:6: Jesus christ THREE acquirement scrolls by D:6. Blessed run

Levels and vault maps discovered:
D:1:      dpeg_arrival_stone_temple_mockup, layout_basic,
          dreamdust_ecumenical_altar_hidden_monk_grotto
D:2:      layout_loops_corners, uniq_jessica
D:3:      layout_basic, hellmonk_overflow_destroyed_library,
          mainiacjoe_overflow_six_doors_small, elyvilon_altar_1, serial_shops,
          nicolae_square_shop, shop, shop, shop, shop
D:4:      layout_cave_pools, minmay_temple_entry_junction, minmay_door_square,
          uniq_sigmund
D:5:      minmay_polygon_palace, layout_cave_pools,
          grunt_temple_overflow_order_and_chaos_2, lemuel_round_altar
D:6:      cheibrodos_fzero, layout_basic, serial_shops,
          nicolae_shop_gaudy_bauble, uniq_blork_the_orc
D:7:      layout_layer_cave, kennysheep_big_empty_room, chequers_avenue
D:8:      layout_rooms, mainiacjoe_overflow_small_starburst,
          serial_bayou_pond_c, minmay_circle_x
D:9:      layout_irregular_city, vehumet_crystals,
          nicolae_overflow_quartered_altars, dpeg_lair_monsters, orc_0_dummy,
          st_stairs_10
D:10:     layout_loops_ring, uniq_sonja
D:11:     minmay_the_grid_octo_triangle [minmay_the_grid_octo_vomiting_pacman,
          minmay_the_grid_octo_prize_single_spiral,
          minmay_the_grid_octo_fan_narrow], layout_stronghold,
          hangedman_decor_riveting, kennysheep_generic_room_4, uniq_harold,
          uniq_nergalle
D:12:     layout_cave_pools, enter_trove_6, chequers_serial_rivers_large_a
D:13:     nzn_winding_woodlands_huge [nzn_winding_woodlands_5x15_river_crossing,
          nzn_winding_woodlands_5x15_lazy_stream,
          nzn_winding_woodlands_5x15_pockets, nzn_winding_woodlands_5x15_cabin,
          nzn_winding_woodlands_5x15_crooked,
          nzn_winding_woodlands_5x15_pathside_ponds,
          nzn_winding_woodlands_5x15_sidewinder,
          nzn_winding_woodlands_5x15_zeroes, nzn_winding_woodlands_5x15_default,
          nzn_winding_woodlands_5x15_longhouse,
          nzn_winding_woodlands_center_garden,
          nzn_winding_woodlands_center_pierced_h,
          nzn_winding_woodlands_15x15_killbox], layout_basic,
          statue_in_the_mist_lemuel
D:14:     layout_rooms, skrybe_vaults_entry_preservation, skrybe_limestone_x,
          bloody_trog
D:15:     hangedman_depths_entry_try_elsewhere_first, layout_stronghold,
          minmay_misc_feat_roman, reono_crystal_passage
Lair:1:   layout_chaotic_city, gauntlet_entry_generic, nzn_ghost_randoct
Lair:2:   layout_misc_corridors, minmay_snake_entry_guardpost_small,
          evilmike_ambush [evilmike_ambush_outer_basic,
          evilmike_ambush_inner_wall_1], grunt_megastairs_2
Lair:3:   beast_lair_carwin_large_2, layout_regular_city,
          nicolae_swamp_entry_spooky, serial_bayou, serial_bayou_pond_b,
          serial_bayou_ford_a, serial_bayou_pond_d, serial_bayou_crossing,
          serial_bayou_lagoon_a, serial_bayou_pond_e, uniq_snorg, uniq_urug
Lair:4:   layout_cave_pods, dpeg_slime_entry_enclosed, eino_house_with_fridge,
          uniq_kirke
Lair:5:   minmay_lair_end_frog_pond, layout_regular_city, fungi_pond_lemuel,
          serial_bayou_shore_a
Snake:1:  layout_concentric_octagons
Snake:2:  layout_misc_corridors, serial_shops, nicolae_shop_back_alley_shop
Snake:3:  layout_basic, lemuel_fruit_tree, grunt_megastairs_5, uniq_vashnia,
          uniq_donald, uniq_mara
Orc:1:    layout_diamond_mine, portal_ice_cave_entry_pillars_2,
          nicolae_volcano_entry_batcave, uniq_josephine
Orc:2:    st_orc_pillars, layout_caves, gammafunk_ghost_abyssal_escape

Skill      XL: |  1  2  3  4  5  6  7  8  9 10 11 12 13 14 15 16 17 |
---------------+----------------------------------------------------+-----
Spellcasting   | 4 5 6 7 8 10 12 14 16 17 19 20 21 | 21.5
Conjurations   | 5 6 7 8 9 11 12 13 15 16 17 18 19 | 19.4
Alchemy        | 1 2 3 4 5 |  5.0
Invocations    | 1 2 3 5 7 9 10 | 10.0
Necromancy     | 1 5 6 8 12 15 | 15.0
Ice Magic      | 1 3 5 7 9 10 | 10.0
Earth Magic    | 1 5 8 10 | 10.2
Dodging        | 3 5 |  5.2
Stealth        | |  2.4

Action                     |  1- 3 |  4- 6 |  7- 9 | 10-12 | 13-15 | 16-18 || total
---------------------------+-------+-------+-------+-------+-------+-------++-------
  Melee: Short sword       |     2 |       |       |       |       |       ||     2
         Whip              |       |     1 |       |     2 |     1 |     2 ||     6
   Cast: Magic Dart        |    45 |    96 |    88 |   145 |   150 |    68 ||   592
         Searing Ray       |       |    13 |    45 |    58 |   106 |    19 ||   241
         Fulminant Prism   |       |       |    11 |    16 |    30 |    15 ||    72
         Iskenderun's Batt |       |       |     7 |    45 |    71 |    20 ||   143
         Iskenderun's Myst |       |       |     5 |    46 |    33 |    20 ||   104
         Animate Dead      |       |       |       |     5 |    30 |    18 ||    53
         Borgnjor's Vile C |       |       |       |       |   167 |    83 ||   250
         Bombard           |       |       |       |       |    30 |    66 ||    96
         Martyr's Knell    |       |       |       |       |    23 |    20 ||    43
         Orb of Destructio |       |       |       |       |    14 |    16 ||    30
         Sublimation of Bl |       |       |       |       |     4 |     9 ||    13
         Permafrost Erupti |       |       |       |       |       |    45 ||    45
         Anguish           |       |       |       |       |       |     6 ||     6
 Invoke: Channel Magic     |       |       |       |     6 |     2 |    10 ||    18
         Forget Spell      |       |       |       |       |       |     1 ||     1
    Use: Scroll            |       |     4 |     9 |     8 |     7 |     7 ||    35
         Potion            |       |       |       |     4 |     5 |     3 ||    12
 Armour: Robe              |       |     7 |     7 |    36 |   118 |    59 ||   227
  Dodge: Dodged            |     3 |    11 |    25 |    63 |    90 |    56 ||   248

Table legend: (Time is in decaauts)
 A = Elapsed time spent in this place.
 B = Non-inter-level travel time spent in this place.
 C = Inter-level travel time spent in this place.
 D = Time resting spent in this place.
 E = Time spent auto-exploring this place.
 F = Levels seen in this place.
 G = Mean time per level.
                   A        B        C        D        E       F      G
               +--------+--------+--------+--------+--------+-----+--------+
         Total |  39620 |  37371 |   2249 |  11382 |  18429 |  29 | 1366.2 |
       Dungeon |  22793 |  21224 |   1569 |   5956 |  12018 |  15 | 1519.5 |
          Lair |   8810 |   8342 |    468 |   2822 |   3875 |   5 | 1762.0 |
     Snake Pit |   2239 |   2165 |     74 |    964 |    887 |   3 |  746.3 |
  Orcish Mines |   2474 |   2338 |    136 |    465 |   1121 |   2 | 1237.0 |
         Trove |     94 |     94 |      0 |      0 |      0 |   1 |   94.0 |
      Ice Cave |    358 |    358 |      0 |     74 |      0 |   1 |  358.0 |
       Volcano |    480 |    480 |      0 |    229 |     95 |   1 |  480.0 |
      Gauntlet |   2368 |   2368 |      0 |    872 |    433 |   1 | 2368.0 |
               +--------+--------+--------+--------+--------+-----+--------+

Top non-repeatable levels by time:
    D:13: 4343 daAuts
  Lair:5: 2396 daAuts
Gauntlet: 2368 daAuts
    D:11: 1896 daAuts
  Lair:3: 1854 daAuts
     D:5: 1804 daAuts
  Lair:4: 1753 daAuts
     D:6: 1675 daAuts
   Orc:2: 1607 daAuts
     D:7: 1578 daAuts
  Lair:1: 1570 daAuts
    D:15: 1499 daAuts
     D:9: 1498 daAuts
 Snake:1: 1405 daAuts
    D:10: 1283 daAuts
